 Dungeon Crawl Stone Soup version 0.32-a0-540-g866d13106e (webtiles) character file.

Game seed: 16149552319714540670

163956 juan097 the Spry (level 17, -10/100 HPs)
             Began as a Felid Berserker on Feb 28, 2024.
             Was the Champion of Trog.
             Mangled by a snapping turtle (32 damage)
             ... on level 1 of the Shoals.
             The game lasted 01:55:24 (31780 turns).

juan097 the Spry (Felid Berserker)                 Turns: 31780, Time: 01:55:24

Health: -10/100    AC:  3    Str: 21    XL:     17   Next: 25%
Magic:  18/18      EV: 38    Int: 10    God:    Trog [******]
Gold:   1603       SH:  0    Dex: 23    Spells: 16/16 levels left
                                        Lives:  0   Deaths: 4

rFire   + +          .
                       - Unarmed
rCold   + . .        (shield unavailable)
rNeg    . . .        (body armour unavailable)
rPois   +            (helmet unavailable)
rElec   .            (cloak unavailable)
rCorr   .            (gloves unavailable)
SInv    +            (boots unavailable)
Will    +++..        L - amulet of regeneration
Stlth   +++++        N - ring of Magip {rPois rF++ Str+6, =R}
HPRegen 1.16/turn    R - ring of willpower
MPRegen 0.16/turn

%: no passive effects
@: maw-form, studying Evocations
A: devouring maw, very small, claws 1, fangs 3, see invisible, shaggy fur 3,
stealthy paws, no weapons or thrown items, no armour, multi-lived
a: Begin Untransformation, Renounce Religion, Berserk, Trog's Hand, Brothers in
Arms


You were on level 1 of the Shoals.
You worshipped Trog.
Trog was exalted by your worship.
You were a creature with a mouth for a stomach.
You visited 5 branches of the dungeon, and saw 26 of its levels.
You also visited: Gauntlet and Ice Cave.

You collected 3238 gold pieces.
You spent 1635 gold pieces at shops.

Inventory:

Jewellery
 p - a ring of positive energy
 u - a ring of protection from cold
 B - a ring of resist corrosion
 L - an amulet of regeneration (around neck)
 N - the ring of Magip (left paw) {rPois rF++ Str+6, =R}
   (You found it in a Gauntlet)

   [ring of strength]

   Str+6:     It affects your strength (+6).
   rF++:      It greatly protects you from fire.
   rPois:     It protects you from poison
 R - a ring of willpower (right paw)
Talismans
 k - a dragon-blood talisman
 x - a maw talisman (active)
Wands
 n - a wand of warping (28)
 o - a wand of polymorph (3)
 v - a wand of digging (4)
 A - a wand of paralysis (7)
 G - a wand of flame (10) (quivered)
 O - a wand of mindburst (4)
Scrolls
 c - 6 scrolls of fog
 h - 9 scrolls of vulnerability
 l - 7 scrolls of teleportation
 m - 2 scrolls of immolation
 t - 3 scrolls of summoning
 w - 3 scrolls of blinking
 y - a scroll of poison
 z - a scroll of silence
 C - a scroll of revelation
 E - 2 scrolls of amnesia {unknown}
 I - 2 scrolls of torment {unknown}
 S - a scroll of fear
Potions
 a - 8 potions of might
 b - 7 potions of heal wounds
 d - 4 potions of haste
 e - 3 potions of attraction
 f - 4 potions of curing
 g - 3 potions of magic
 i - 5 potions of ambrosia
 q - a potion of enlightenment
 r - 4 potions of lignification
 H - a potion of resistance
 J - 2 potions of invisibility
 K - a potion of berserk rage
 P - 4 potions of mutation
 Q - 2 potions of cancellation {unknown}
Miscellaneous
 j - a condenser vane
 s - a phantom mirror (inert)
 D - a lightning rod (4/4)
 F - a phial of floods (inert)


   Skills:
 + Level 16.0 Fighting
 + Level 20.0 Dodging
 - Level 12.0 Stealth
 + Level 12.0 Unarmed Combat
 + Level 16.0 Evocations
 + Level 12.0 Shapeshifting


You had 16 spell levels left.
You didn't know any spells.
Your spell library was empty.

Dungeon Overview and Level Annotations

Branches:
Dungeon (15/15)            Temple (0/1) D:6            Lair (5/5) D:10
 Shoals (1/4) Lair:3       Spider (3/4) Lair:2        Slime (0/5) Lair:5
    Orc (2/2) D:11            Elf (0/3) Orc:2        Vaults (0/5) D:14
 Depths (0/4) D:15          IceCv (visited)         Gauntlet (visited)

Altars:
Elyvilon
Gozag
Hepliaklqana
Okawaru
Uskayaw
Xom
Yredelemnul
Beogh
Jiyva

Shops:
D:8 :   D:9 *   D:11 *   Orc:1 [   Orc:2 [=(**

Portals:
Trove: D:13 (give 13 scrolls of teleportation)

Annotations:
D:2 1 runed translucent door, Crazy Yiuf
D:6 exclusions: door and 1 more exclusion
D:9 exclusion: hornet, Joseph
D:11 3 runed translucent doors
Orc:2 1 runed translucent door, Scrimshaw's ghost, journeyman CoHs


Innate Abilities, Weirdness & Mutations

You are a creature with a mouth for a stomach.
Your midsection houses a second, enormous mouth.
You have sharp claws.
You have razor-sharp teeth.
You have supernaturally acute eyesight. (SInv)
Your thick and shaggy fur keeps you warm. (AC +3, rC+)
Your paws help you pounce on unaware monsters.
You are incapable of wielding weapons or throwing items.
You cannot wear armour.
You gain extra lives every three experience levels.


Message History

The wind drake exhales a fierce blast of wind!
You are knocked back by the gust of wind.
You slam into the rock wall!
You miss the wind drake. You bite the wind drake.
You bite the wind drake, but do no damage.
The wind drake is heavily wounded.
You barely miss the wind drake. You bite the wind drake!
The wind drake is heavily wounded.
The wind drake completely misses you.
You claw the wind drake! You bite the wind drake.
The wind drake is severely wounded.
The wind drake completely misses you.
You miss the wind drake.
The wind drake is severely wounded.
The wind drake exhales a fierce blast of wind!
You are knocked back by the gust of wind.
You slam into the rock wall!
You barely miss the wind drake. Your bite misses the wind drake.
The wind drake is severely wounded.
The wind drake flaps its wings at you. The air twists around and strikes you!
* * * LOW HITPOINT WARNING * * *
You barely miss the wind drake.
The wind drake is severely wounded.
The wind drake completely misses you.
You scratch the wind drake but do no damage.
You claw the wind drake! Your bite misses the wind drake.
The wind drake is almost dead.
The wind drake bites you.
* * * LOW HITPOINT WARNING * * *
You mangle the wind drake!!
You kill the wind drake!
Trog accepts your kill.
You scratch the snapping turtle but do no damage.
You bite the snapping turtle, but do no damage. x2
The snapping turtle completely misses you.
You scratch the snapping turtle but do no damage.
You bite the snapping turtle, but do no damage. x2
The snapping turtle bites you!!
You die...

~.#.# ≈c≈≈~≈# ##.. #.
~...# c≈~~≈≈~ #..## #..
~~..# c≈≈≈≈≈≈ #... ...~
~~.~# #~≈≈c≈~ #.. ...~~
~~~.# .._$.# #.##...~~
~~~~# #.....~~~ ~~~~#
#~..~~...
~~~~#############..~~~.#.
~~~~~~~~~~~~..~.W.~~~~..>
≈≈≈~~~~~~~~.....t†....~~~
≈~~~~~~~~~~~≈≈.......~~~~
≈~~~~~~~~~≈≈≈≈.###.....~~
≈~~~~~~~~≈≈≈≈~.# .##...~
~≈≈≈~~~~~~~≈≈...# .# ..~~
~≈≈≈≈~~~≈≈~≈≈~~~~~.. .~~
~~≈≈≈~~~~≈≈≈≈~≈≈≈~ .


You could see a snapping turtle.

Vanquished Creatures
  Rupert (Lair:5)
  Gastronok (Lair:3)
  Donald (Spider:3)
  An emperor scorpion (Spider:1)
  A ghost moth (Spider:1)
  2 orc warlords
  Nessos (D:12)
  An ironbound thunderhulk (D:14)
  A minotaur (Gauntlet)
  A spark wasp (Spider:2)
  An entropy weaver (shapeshifter) (D:15)
  2 vault guards (D:14)
  Fannar (Lair:1)
  4 entropy weavers
  Harold (Lair:1)
  8 hydras
  A jorogumo (Spider:1)
  An ogre mage (Orc:2)
  A catoblepas (Lair:5)
  2 ironbound frosthearts (IceCv)
  6 boulder beetles
  5 centaur warriors
  10 two-headed ogres
  Erica (D:11)
  4 tengu warriors
  A sphinx skeleton (D:15)
  A vampire mage (D:15)
  10 demonic crawlers
  7 death yaks
  2 orc high priests
  Nergalle (Lair:1)
  4 skysharks
  Amaemon (D:10)
  5 skeletal warriors
  6 pharaoh ants
  A storm dragon skeleton (D:15)
  3 orb spiders
  An arcanist (Gauntlet)
  2 steelbarb worms (Spider:1)
  3 sun moths
  4 harpies (Shoals:1)
  A necromancer (D:15)
  4 orc sorcerers
  5 orc knights
  17 ugly things
  2 deep elf pyromancers
  6 cyclopes
  19 wolf spiders
  4 manticores
  A worldbinder (Gauntlet)
  2 moths of wrath
  2 oklob plants
  A faun (Shoals:1)
  9 elephants
  A merfolk siren (Shoals:1)
  5 kobold blastminers (Orc:2)
  A water nymph (Shoals:1)
  13 cane toads
  3 meliai (Gauntlet)
  4 black mambas
  An ice statue (IceCv)
  4 torpor snails
  2 gargoyles
  4 orange demons
  An unseen horror (D:12)
  4 rime drakes
  6 komodo dragons
  2 freezing wraiths (D:14)
  15 polar bears
  3 tengu conjurers
  2 merfolk (Shoals:1)
  7 trolls
  3 red devils (D:15)
  A wind drake (Shoals:1)
  6 hornets
  A wolf spider simulacrum (D:15)
  13 tarantellas
  2 snapping turtles (Shoals:1)
  7 blink frogs
  21 jumping spiders
  3 slime creatures (D:13)
  A dream sheep (Lair:5)
  A spriggan skeleton (D:15)
  2 shadows
  56 yaks
  13 spriggans
  10 culicivoras
  7 wraiths
  2 vampires
  8 basilisks
  A spriggan (shapeshifter) (D:15)
  6 wyverns
  2 humans
  52 redbacks
  4 wargs
  3 vampire mosquitoes (D:10)
  4 acid dragons
  13 water moccasins
  20 orc warriors
  5 black bears
  2 ice beasts
  38 wolves
  5 boggarts
  7 ogres
  11 centaurs
  2 phantoms
  14 bullfrogs
  6 scorpions
  7 wights
  4 killer bees (D:9)
  3 bombardier beetles (D:5)
  2 howler monkeys
  2 hounds
  8 jellies
  16 orc priests
  2 sleepcaps
  4 iguanas (D:5)
  14 orc wizards
  2 howler monkey zombies (D:11)
  10 adders
  A shadow imp (Gauntlet)
  2 white imps
  7 ribbon worms
  A dart slug (D:2)
  34 orcs
  7 ball pythons
  13 endoplasms
  A giant cockroach (Lair:2)
  6 goblins
  6 hobgoblins
  7 quokkas
  4 bats
  3 kobolds
  8 rats
788 creatures vanquished.

Vanquished Creatures (collateral kills)
  Bai Suzhen (Spider:3)
  3 elephants (Lair:1)
  A cane toad (Lair:1)
  A culicivora (Spider:3)
  A basilisk (Lair:1)
7 creatures vanquished.

Vanquished Creatures (others)
  3 vampire mosquitoes (D:13)
  An orc (Orc:1)
4 creatures vanquished.

Grand Total: 799 creatures vanquished

Notes
Turn   | Place    | Note
-------+----------+-------------------------------------------
     0 | D:1      | juan097 the Felid Berserker began the quest for the Orb.
     0 | D:1      | Reached XP level 1. HP: 12/12 MP: 2/2
   135 | D:1      | Reached XP level 2. HP: 16/16 MP: 3/3
   141 | D:1      | Reached skill level 1 in Stealth
   611 | D:2      | Reached XP level 3. HP: 15/20 MP: 4/4
   708 | D:2      | Reached ** piety under Trog
  1200 | D:2      | Reached XP level 4. HP: 15/24 MP: 5/5
  1200 | D:2      | Gained a life (2 lives remaining)
  1512 | D:2      | Found a runed translucent door.
  1513 | D:2      | Noticed Crazy Yiuf
  1956 | D:2      | Reached skill level 5 in Dodging
  2165 | D:3      | Reached XP level 5. HP: 21/29 MP: 6/6
  3152 | D:4      | Gained mutation: You are covered in thick fur. (AC +2)
                  | [Felid growth]
  3152 | D:4      | Reached XP level 6. HP: 33/33 MP: 7/7
  3694 | D:4      | Found a hazy altar of Hepliaklqana.
  3717 | D:5      | Entered Level 5 of the Dungeon
  3775 | D:5      | Reached skill level 1 in Evocations
  3805 | D:5      | Reached skill level 5 in Unarmed Combat
  3918 | D:5      | Reached *** piety under Trog
  3994 | D:5      | Reached XP level 7. HP: 25/38 MP: 8/8
  4047 | D:5      | Reached skill level 6 in Dodging
  4297 | D:5      | Found an opulent altar of Gozag.
  4686 | D:6      | Reached XP level 8. HP: 42/42 MP: 9/9
  4737 | D:6      | Found a staircase to the Ecumenical Temple.
  4805 | D:5      | Reached skill level 5 in Stealth
  4893 | D:6      | Reached skill level 5 in Fighting
  5862 | D:7      | Reached skill level 7 in Dodging
  6567 | D:7      | Reached XP level 9. HP: 26/48 MP: 10/10
  6851 | D:8      | Reached skill level 8 in Dodging
  7203 | D:8      | Found Back's Book Shop.
  7483 | D:9      | Noticed a two-headed ogre
  7488 | D:9      | Killed a two-headed ogre
  7570 | D:9      | Found Naiwyn's Clear Minds Boutique.
  7632 | D:9      | Reached skill level 9 in Dodging
  7965 | D:9      | Reached XP level 10. HP: 31/55 MP: 11/11
  8077 | D:9      | Noticed Joseph
  8495 | D:10     | Entered Level 10 of the Dungeon
  8539 | D:10     | Reached **** piety under Trog
  8540 | D:10     | Reached skill level 10 in Dodging
  8865 | D:10     | Noticed a two-headed ogre
  8888 | D:10     | Killed a two-headed ogre
  8889 | D:10     | Reached skill level 11 in Dodging
  8889 | D:10     | Reached skill level 10 in Unarmed Combat
  9010 | D:10     | Found a hide-covered altar of Uskayaw.
  9146 | D:10     | Noticed a two-headed ogre
  9148 | D:10     | Killed a two-headed ogre
  9149 | D:10     | Reached skill level 12 in Dodging
  9166 | D:10     | Noticed an orange demon
  9167 | D:10     | Noticed Amaemon
  9179 | D:10     | Killed an orange demon
  9190 | D:10     | Killed Amaemon
  9497 | D:9      | Reached XP level 11. HP: 16/60 MP: 12/12
  9847 | D:10     | Found a staircase to the Lair.
 10058 | D:10     | Reached skill level 5 in Evocations
 10354 | Lair:1   | Entered Level 1 of the Lair of Beasts
 10547 | Lair:1   | Noticed Fannar
 10978 | D:11     | Noticed a boulder beetle
 10980 | D:11     | Identified the +1 robe of the Elven Halls {rElec rPois rF++
                  | Dex-2}
 11005 | D:11     | Found a runed translucent gate.
 11018 | D:11     | Noticed a two-headed ogre
 11048 | D:11     | Killed a two-headed ogre
 11183 | D:11     | Noticed Erica
 11184 | D:11     | Found a frozen archway.
 11200 | D:11     | Killed Erica
 11201 | D:11     | Reached skill level 13 in Dodging
 11345 | IceCv    | Entered an ice cave
 11370 | IceCv    | Reached skill level 10 in Stealth
 12533 | IceCv    | Gained mutation: Your thick and shaggy fur keeps you warm.
                  | (AC +3, rC+) [Felid growth]
 12533 | IceCv    | Reached XP level 12. HP: 67/67 MP: 13/13
 12982 | IceCv    | Noticed a death yak
 12982 | IceCv    | Noticed a death yak
 13006 | IceCv    | Reached skill level 14 in Dodging
 13061 | IceCv    | Killed a death yak
 13061 | IceCv    | Killed a death yak
 13062 | IceCv    | Reached skill level 10 in Fighting
 13075 | IceCv    | Noticed an ironbound frostheart
 13220 | IceCv    | Noticed a death yak
 13220 | IceCv    | Noticed an ironbound frostheart
 13220 | IceCv    | Noticed a death yak
 13298 | IceCv    | Killed an ironbound frostheart
 13423 | IceCv    | Killed a death yak
 13423 | IceCv    | Reached ***** piety under Trog
 13424 | IceCv    | Killed an ironbound frostheart
 13522 | IceCv    | Killed a death yak
 13523 | IceCv    | Reached skill level 15 in Dodging
 14042 | D:11     | Found a basalt altar of Yredelemnul.
 14095 | D:11     | Killed a boulder beetle
 14323 | D:11     | Found Qaweqiz's Assorted Antiques.
 14377 | D:11     | Found a staircase to the Orcish Mines.
 14415 | D:11     | Bought a glowing brass wand for 100 gold pieces
 14464 | D:11     | Found a runed translucent gate.
 14828 | D:11     | Reached skill level 16 in Dodging
 14878 | Orc:1    | Entered Level 1 of the Orcish Mines
 15147 | Orc:1    | Found Deoh's Antique Armour Emporium.
 15209 | Orc:1    | Found a roughly hewn altar of Beogh.
 15223 | Orc:1    | Reached skill level 1 in Shapeshifting
 15223 | Orc:1    | Noticed an orc warlord
 15317 | Orc:1    | Killed an orc warlord
 15326 | Orc:1    | Noticed an orc high priest
 15502 | D:11     | Killed an orc high priest
 15559 | D:11     | Reached XP level 13. HP: 72/72 MP: 14/14
 15829 | Orc:2    | Entered Level 2 of the Orcish Mines
 15910 | Orc:2    | Noticed an orc warlord
 16011 | Orc:2    | Found a staircase to the Elven Halls.
 16035 | Orc:2    | Found Qigat's Assorted Antiques.
 16037 | Orc:2    | Found a gate leading to a gauntlet.
 16047 | Orc:2    | Bought a lumpy yellow potion for 19 gold pieces
 16047 | Orc:2    | Bought a brown potion for 19 gold pieces
 16047 | Orc:2    | Bought a scroll of summoning for 209 gold pieces
 16047 | Orc:2    | Bought a dented golden amulet for 110 gold pieces
 16047 | Orc:2    | Bought a dented platinum amulet for 110 gold pieces
 16060 | Gauntlet | Entered a Gauntlet
 16060 | Gauntlet | Found a transporter.
 16060 | Gauntlet | Found a transporter.
 16090 | Gauntlet | Found a transporter.
 16091 | Gauntlet | Found a transporter.
 16092 | Gauntlet | Found a transporter.
 16094 | Gauntlet | Found a transporter.
 16100 | Gauntlet | Found a transporter.
 16102 | Gauntlet | Found a transporter.
 16103 | Gauntlet | Found a transporter.
 16105 | Gauntlet | Found a transporter.
 16110 | Gauntlet | Noticed a reaper
 16113 | Gauntlet | Found a transporter.
 16114 | Gauntlet | Found a transporter.
 16384 | Gauntlet | Identified the ring of Magip {rPois rF++ Str+6}
 16386 | Gauntlet | Identified the +6 orcbow "Baamilae" {flame, ^Contam rElec
                  | Dex+3}
 16466 | Gauntlet | Identified the +5 scale mail "Nuxohic" {Int+6}
 16466 | Gauntlet | Noticed a minotaur
 16478 | Gauntlet | Killed a minotaur
 16881 | Orc:2    | Found a runed translucent door.
 16882 | Orc:2    | Found a shimmering altar of Xom.
 16882 | Orc:2    | Noticed Scrimshaw's ghost (journeyman CoHs)
 16969 | Orc:2    | Killed an orc warlord
 17192 | Orc:2    | Reached skill level 17 in Dodging
 17286 | Orc:1    | HP: 1/74 [two-headed ogre/+0 giant club (16)]
 17540 | Orc:2    | Found a roughly hewn altar of Beogh.
 17620 | Orc:2    | Reached skill level 10 in Evocations
 17631 | Orc:2    | Found Xemufast's Jewellery Boutique.
 17714 | Orc:2    | Found Fouj's Antique Armour Boutique.
 17746 | Orc:2    | Found Jeumi's Antique Weapon Boutique.
 17761 | Orc:2    | Found Vateorr's General Store.
 17768 | Orc:2    | Bought a potion of might for 68 gold pieces
 17925 | D:11     | Bought a condenser vane for 1000 gold pieces
 17996 | Lair:1   | Noticed Harold
 18024 | Lair:1   | Killed Fannar
 18099 | Lair:1   | Mangled by a cane toad
 18099 | Lair:1   | Lost a life (1 life remaining)
 18318 | Lair:1   | Killed Harold
 18319 | Lair:1   | Reached skill level 5 in Shapeshifting
 18513 | Lair:1   | Reached XP level 14. HP: 79/79 MP: 15/15
 18513 | Lair:1   | Gained a life (2 lives remaining)
 18690 | Lair:1   | Noticed Nergalle
 18701 | Lair:1   | Killed Nergalle
 18890 | Lair:2   | Reached skill level 18 in Dodging
 19113 | Lair:2   | Reached ****** piety under Trog
 19427 | Lair:2   | Found a hole to the Spider Nest.
 20078 | Lair:3   | Noticed Gastronok
 20098 | Lair:3   | Killed Gastronok
 20298 | Lair:3   | Found a staircase to the Shoals.
 21395 | Lair:5   | Entered Level 5 of the Lair of Beasts
 21985 | Lair:5   | Found a viscous altar of Jiyva.
 21985 | Lair:5   | Found a staircase to the Slime Pits.
 22119 | Lair:5   | Noticed Rupert
 22136 | Lair:5   | Killed Rupert
 22421 | Lair:5   | Reached XP level 15. HP: 88/88 MP: 16/16
 23283 | D:11     | Found a runed translucent gate.
 23646 | D:12     | Noticed Nessos
 23656 | D:12     | Killed Nessos
 24742 | D:13     | You fall into a shaft and drop 1 floor!
 24893 | D:13     | Found a portal to a secret trove of treasure.
 25242 | D:14     | Reached skill level 19 in Dodging
 25509 | D:15     | Entered Level 15 of the Dungeon
 25875 | D:15     | Reached skill level 15 in Fighting
 25989 | D:15     | Found a staircase to the Depths.
 26189 | D:15     | Identified the +5 double sword of Foolhardiness {holy,
                  | Str-2 SInv Stlth+}
 26317 | D:14     | Found an iron altar of Okawaru.
 26491 | D:14     | Reached skill level 10 in Shapeshifting
 26598 | D:14     | Reached XP level 16. HP: 95/95 MP: 17/17
 26700 | D:14     | Found a gate to the Vaults.
 27514 | Spider:1 | Entered Level 1 of the Spider Nest
 27742 | Spider:1 | HP: 7/142 [jumping spider (16)]
 28027 | Spider:1 | Identified a scroll of acquirement
 28287 | Spider:1 | Reached skill level 20 in Dodging
 28623 | Spider:1 | Mangled by a pharaoh ant
 28623 | Spider:1 | Lost a life (1 life remaining)
 29060 | Spider:2 | Acquired a manual of Evocations
 29467 | Spider:2 | You fall into a shaft and drop 1 floor!
 30086 | Spider:3 | Blown up by an orb spider
 30086 | Spider:3 | Lost a life (0 lives remaining)
 30197 | Spider:3 | Reached XP level 17. HP: 82/100 MP: 18/18
 30197 | Spider:3 | Gained a life (1 life remaining)
 30762 | Spider:3 | Noticed Donald
 30772 | Spider:3 | Killed Donald
 30945 | Spider:3 | Identified the +0 robe "Agerrala" {Harm rCorr Int+4 Slay-6}
 31003 | Spider:3 | Noticed Bai Suzhen
 31021 | Spider:3 | Engulfed by Bai Suzhen's thunder
 31021 | Spider:3 | Lost a life (0 lives remaining)
 31031 | Spider:3 | Killed Bai Suzhen
 31032 | Spider:3 | Reached skill level 15 in Evocations
 31504 | Shoals:1 | Entered Level 1 of the Shoals
 31691 | Shoals:1 | Found a white marble altar of Elyvilon.
 31780 | Shoals:1 | Mangled by a snapping turtle

Illustrated notes

Levels and vault maps discovered:
D:1:      heliophobic_arrival_ceremonial_halls, layout_rooms
D:2:      layout_loops_cross, uniq_crazy_yiuf_cottage
D:3:      layout_basic, chequers_serial_rivers_micro_d
D:4:      layout_basic, worldfamousw_hep_ancestral_shrine,
          dreamdust_wishing_well
D:5:      layout_basic, nicolae_gozag_cash_rules_everything_around_me,
          minmay_manual_monstrance
D:6:      minmay_chambers_of_threes, layout_basic, minmay_temple_entry_junction
D:7:      layout_basic
D:8:      layout_basic, serial_shops, shop
D:9:      layout_basic, nrook_mini_vaults, nicolae_clarity_for_sale, uniq_joseph
D:10:     layout_loops_cross, overflow_temple_1_default,
          grunt_lair_entry_orc_guard_hut, uniq_amaemon
D:11:     cheibrodos_iron_armory, layout_irregular_city, david_orc_1_choice,
          serial_shops, nicolae_shop_statue_plus,
          portal_ice_cave_entry_pillars_2, lemuel_zombie_altar_yredelemnul,
          uniq_erica
D:12:     layout_loops_corners, uniq_nessos
D:13:     layout_roguey, enter_trove_3, lemuel_another_geyser
D:14:     layout_loops_ring, hellmonk_vaults_keyhole, okawaru_metal_pillars_1_2,
          grunt_ministairs_15
D:15:     gammafunk_depths_entry_grave, layout_gridville,
          palyth_stone_intersect, minmay_beelzebubs_servants
Lair:1:   layout_misc_corridors, minivault_11, grunt_megastairs_5,
          uniq_nergalle, uniq_fannar, uniq_harold
Lair:2:   layout_regular_city, nicolae_spider_entry_non_spiders
Lair:3:   layout_roguey, minmay_shoals_entry_centaurs,
          grunt_forest_large_clearing_hut, uniq_gastronok
Lair:4:   layout_big_grid, lemuel_fruit_fields, grunt_megastairs_1
Lair:5:   minmay_lair_end_enchanted_forest, layout_layer_cave,
          nicolae_slime_entry_slimehenge, st_stairs_7, lemuel_fruit_fields,
          serial_bayou_shore_b, uniq_rupert
Shoals:1: layout_shoals, lemuel_centaur_altar, uniq_roxanne
Spider:1: layout_spider_delve, guppyfry_hornet_nest
Spider:2: layout_spider_delve
Spider:3: layout_chambers, uniq_donald, uniq_bai_suzhen
Orc:1:    layout_caves, serial_shops, nicolae_shop_behind_doors, basic_altar
Orc:2:    grunt_orc_cross, layout_caves, gauntlet_entry_generic, serial_shops,
          shop, ebering_ghost_xom, nicolae_orc_damp_corner

Skill      XL: |  1  2  3  4  5  6  7  8  9 10 11 12 13 14 15 16 17 |
---------------+----------------------------------------------------+-----
Stealth        | 1 2 3 4 6 8 10 12 | 12.0
Unarmed Combat | 4 5 6 7 9 10 11 12 | 12.0
Dodging        | 5 6 7 9 12 13 16 17 18 19 20 | 20.0
Fighting       | 4 5 7 8 9 10 11 14 15 16 | 16.0
Evocations     | 1 2 4 7 8 10 13 16 | 16.0
Shapeshifting  | 1 5 7 10 12 | 12.0

Action                     |  1- 3 |  4- 6 |  7- 9 | 10-12 | 13-15 | 16-18 || total
---------------------------+-------+-------+-------+-------+-------+-------++-------
  Melee: Unarmed           |   108 |   137 |   258 |   610 |  1510 |   717 ||  3340
         Bite              |    10 |    16 |    28 |    99 |   293 |   126 ||   572
         Punch             |     3 |     1 |    15 |    57 |    69 |    75 ||   220
         Maw               |       |       |       |       |       |   267 ||   267
 Invoke: Berserk           |       |     1 |     5 |     7 |     1 |     2 ||    16
         Trog's Hand       |       |       |       |     1 |     1 |     1 ||     3
         Brothers in Arms  |       |       |       |       |     3 |     2 ||     5
  Evoke: Wand              |       |       |       |     7 |    24 |     9 ||    40
         Lightning rod     |       |       |       |    12 |    15 |       ||    27
         Phial of floods   |       |       |       |     1 |     4 |     2 ||     7
         Condenser vane    |       |       |       |       |     2 |     1 ||     3
         Phantom mirror    |       |       |       |       |       |     1 ||     1
    Use: Scroll            |       |       |    10 |    10 |    12 |     7 ||    39
         Potion            |       |       |       |     2 |     2 |     6 ||    10
   Stab: Sleeping          |     5 |    11 |     9 |    16 |    18 |    14 ||    73
         Distracted        |     1 |       |       |     3 |     1 |     2 ||     7
         Invisible         |       |       |       |     6 |    10 |     2 ||    18
         Paralysed         |       |       |       |     1 |       |     1 ||     2
 Armour: Skin              |    28 |    34 |    61 |   163 |   322 |   265 ||   873
  Dodge: Dodged            |    73 |    73 |   176 |   619 |  1796 |  1411 ||  4148
   Form: Flux              |       |       |       |       |     1 |       ||     1
         Maw               |       |       |       |       |       |     1 ||     1

Table legend: (Time is in decaauts)
 A = Elapsed time spent in this place.
 B = Non-inter-level travel time spent in this place.
 C = Inter-level travel time spent in this place.
 D = Time resting spent in this place.
 E = Time spent auto-exploring this place.
 F = Levels seen in this place.
 G = Mean time per level.
                   A        B        C        D        E       F      G
               +--------+--------+--------+--------+--------+-----+--------+
         Total |  31397 |  29931 |   1466 |   1577 |  19570 |  28 | 1121.3 |
       Dungeon |  16196 |  15385 |    811 |    964 |  10743 |  15 | 1079.7 |
          Lair |   5881 |   5431 |    450 |     66 |   3581 |   5 | 1176.2 |
        Shoals |    276 |    276 |      0 |      0 |     96 |   1 |  276.0 |
   Spider Nest |   3775 |   3651 |    124 |    133 |   2376 |   3 | 1258.3 |
  Orcish Mines |   2039 |   1960 |     79 |    184 |    978 |   2 | 1019.5 |
      Ice Cave |   2677 |   2677 |      0 |    228 |   1474 |   1 | 2677.0 |
      Gauntlet |    551 |    551 |      0 |      0 |    320 |   1 |  551.0 |
               +--------+--------+--------+--------+--------+-----+--------+

Top non-repeatable levels by time:
   IceCv: 2677 daAuts
    D:11: 1737 daAuts
  Lair:5: 1690 daAuts
     D:9: 1665 daAuts
Spider:3: 1445 daAuts
    D:10: 1412 daAuts
Spider:1: 1399 daAuts
  Lair:1: 1374 daAuts
     D:7: 1252 daAuts
     D:6: 1244 daAuts
    D:15: 1182 daAuts
     D:4: 1156 daAuts
     D:2: 1120 daAuts
  Lair:3: 1115 daAuts
   Orc:2: 1104 daAuts
